 Dungeon Crawl Stone Soup version 0.23.2-11-gf996548c65 (webtiles) character file.

Game seed: 14405913635234619584

184 cab the Digger (level 5, -3/28 HPs)
             Began as a Gargoyle Earth Elementalist on June 4, 2019.
             Slain by a scorpion (6 damage)
             ... on level 4 of the Dungeon.
             The game lasted 00:14:59 (4677 turns).

cab the Digger (Gargoyle Earth Elementalist)        Turns: 4677, Time: 00:14:59

Health: -3/28      AC:  8    Str: 11    XL:     5   Next: 63%
Magic:  3/9        EV: 11    Int: 17    God:
Gold:   134        SH:  0    Dex: 10    Spells: 6/10 levels left

rFire    + . .     SeeInvis .   a - +0 club
rCold    x . .     Gourm    .   (no shield)
rNeg     + . .     Faith    .   y - +0 leather armour
rPois    ∞         Spirit   .   (no helmet)
rElec    +         Reflect  .   m - +0 cloak (curse)
rCorr    .         Harm     .   (no gloves)
MR       .....                  (no boots)
Stlth    +++.......             (no amulet)
HPRegen  0.09/turn              j - ring of fire
MPRegen  0.11/turn              l - ring of stealth

@: no status effects
A: negative energy resistance 1, electricity resistance, unbreathing,
petrification resistance, rot immunity, AC +4
a: no special abilities


You were on level 4 of the Dungeon.
You were hungry.

You visited 1 branch of the dungeon, and saw 4 of its levels.

You collected 134 gold pieces.

Inventory:

Hand Weapons
 a - a +0 club (weapon)
 r - a +0 hunting sling
 s - a +0 mace
Missiles
 b - 36 stones (quivered)
 i - 36 sling bullets
Armour
 c - a +0 robe
 h - a +0 buckler
 k - cursed +0 shadow dragon scales
 m - a cursed +0 cloak (worn)
 y - a +0 leather armour (worn)
Jewellery
 g - an uncursed amulet of rage
 j - a ring of fire (left hand)
 l - a ring of stealth (right hand)
Scrolls
 f - a scroll of teleportation
 n - a scroll of remove curse {unknown}
 o - 3 scrolls of identify {unknown}
 p - 2 scrolls of noise {unknown}
 t - a scroll of random uselessness {unknown}
Potions
 e - a potion of flight {unknown}
 q - 2 potions of curing {unknown}
 u - 3 potions of berserk rage {unknown}
 w - a potion of might {unknown}
 x - 2 potions of lignification {unknown}
 z - a potion of degeneration {unknown}
 A - a potion of brilliance {unknown}
Comestibles
 d - 4 rations


   Skills:
 - Level 1.5 Dodging
 - Level 2.1 Stealth
 + Level 2.7 Shields
 - Level 3.0 Spellcasting
 + Level 2.0 Conjurations
   Level 0.7 Transmutations
 + Level 5.2 Earth Magic


You had 6 spell levels left.
You knew the following spells:

 Your Spells              Type           Power        Failure   Level  Hunger
a - Sandblast             Erth           ###...       2%          1    None
b - Stone Arrow           Conj/Erth      ##....       16%         3    ###....

Your spell library contained the following spells:

 Spells                   Type           Power        Failure   Level  Hunger
 Passwall                 Tmut/Erth      ##......     11%         2    ##.....
 Petrify                  Tmut/Erth      ##......     56%         4    ####...
 Lee's Rapid Deconstruct  Erth           ###.......   58%         5    ######.


Dungeon Overview and Level Annotations

Branches:
Dungeon (4/15)
 Temple: D:4-7

Altars:


Innate Abilities, Weirdness & Mutations

You are resistant to torment.
Your stone body is resilient. (AC +4)
You are immune to poison.
You resist negative energy. (rN+)
You are resistant to electric shocks. (rElec)
You can survive without breathing.
You are immune to petrification.
You are immune to rotting.


Message History

The scorpion barely misses you.
Casting: Sandblast (safe; 2% risk of failure)
Confirm with . or Enter, or press ? or * to list all spells.
Aiming: Sandblast (safe; 2% risk of failure)
Press: ? - help, Shift-Dir - straight line, f/p - scorpion
Aim: a scorpion (almost dead)
The blast of sand hits the scorpion but does no damage.
The scorpion is almost dead.
b - 37 stones The scorpion closely misses you.
Casting: Sandblast (safe; 2% risk of failure)
Confirm with . or Enter, or press ? or * to list all spells.
Aiming: Sandblast (safe; 2% risk of failure)
Press: ? - help, Shift-Dir - straight line, f/p - scorpion
Aim: a scorpion (almost dead)
The blast of sand hits the scorpion.
The scorpion is almost dead.
b - 36 stones The scorpion stings you.
You die...

#.
#+##.##
.......
.......
.......
.......
.......##
......s@#
........#
#+##+##.#
... #.#
#.# ###


You could see a scorpion.

Vanquished Creatures
  An orc priest (D:4)
  An orc wizard (D:3)
  6 adders
  A gnoll (D:1)
  An ooze (D:3)
  A worm (D:2)
  3 leopard geckos
  3 orcs (D:3)
  3 giant cockroaches
  6 goblins
  8 hobgoblins
  8 kobolds
  2 ball pythons
  6 bats
  3 frilled lizards
  2 rats
55 creatures vanquished.

Notes
Turn   | Place    | Note
-------+----------+-------------------------------------------
     0 | D:1      | cab the Gargoyle Earth Elementalist began the quest for the
                  | Orb.
     0 | D:1      | Reached XP level 1. HP: 10/10 MP: 3/3
   709 | D:1      | Reached XP level 2. HP: 15/15 MP: 3/5
   766 | D:1      | Reached skill level 4 in Earth Magic
  1367 | D:1      | Reached skill level 1 in Shields
  1380 | D:1      | Reached XP level 3. HP: 17/19 MP: 6/6
  2080 | D:2      | Learned a level 3 spell: Stone Arrow
  2433 | D:2      | Reached XP level 4. HP: 24/24 MP: 6/8
  3292 | D:3      | Reached skill level 1 in Conjurations
  3894 | D:3      | Reached XP level 5. HP: 28/28 MP: 5/9
  4425 | D:3      | Reached skill level 5 in Earth Magic
  4677 | D:4      | Slain by a scorpion

Skill      XL: |  1  2  3  4  5 |
---------------+----------------+-----
Earth Magic    | 4 5 |  5.2
Shields        | 1 2 |  2.7
Conjurations   | 1 2 |  2.0
Spellcasting   | 3 |  3.0
Dodging        | |  1.5
Stealth        | |  2.1
Transmutations | |  0.7

Action                   |  1- 3 |  4- 6 || total
-------------------------+-------+-------++-------
Melee: Club              |    83 |   125 ||   208
 Cast: Sandblast         |    15 |    38 ||    53
       Stone Arrow       |       |     2 ||     2
  Use: Scroll            |       |     1 ||     1
 Stab: Sleeping          |       |     3 ||     3
  Eat: Chunk             |     5 |     7 ||    12
Armor: Robe              |    34 |    56 ||    90
       Leather armour    |       |     3 ||     3
Dodge: Dodged            |    62 |    91 ||   153
